[Event "Titled Tuesday Blitz November 07 Early 2023"]
[White "Shapiro, Viktor"]
[Black "Danielyan, Vahe"]
[WhiteFideId "4175700"]
[BlackFideId "13304828"]
[WhiteElo "2609"]
[BlackElo "2718"]
[Result "0-1"]
[Round "9"]
[TimeControl "180+1"]
[Date "2023.11.07"]
[WhiteClock "0:00:08"]
[BlackClock "0:00:14"]
[Board "47"]

1. c4 e5 2. Nc3 Bb4 3. g3 Bxc3 4. bxc3 d6 5. Bg2 Nc6 6. d3 Nge7 7. f4 O-O 8. Nh3 Bd7 9. O-O Qc8 10. Nf2 Ng6 11. fxe5 dxe5 12. Ne4 Bh3 13. Bxh3 Qxh3 14. Rb1 b6 15. Ng5 Qd7 16. Rb5 f6 17. Ne4 a6 18. Rd5 Qe6 19. Qb3 Nce7 20. Ba3 Rfe8 21. Kg2 Kh8 22. Rf3 Nxd5 23. cxd5 Qd7 24. c4 f5 25. Ng5 e4 26. dxe4 fxe4 27. Rf2 Qg4 28. Nf7+ Kg8 29. c5 Ne5 30. d6 Qe6 31. d7 Nxd7 32. cxb6 Qxb3 33. axb3 Nxb6 34. Ng5 h6 35. Nh3 Nd5 36. Rf5 Ne3+ 37. Kf2 Nxf5 38. Nf4 Rf8 39. Bxf8 Rxf8 40. Ke1 Nd4 41. Kd2 Rxf4 42. gxf4 Nxb3+ 43. Ke3 Nc5 44. Kd4 Ne6+ 45. Kxe4 a5 46. f5 a4 47. fxe6 a3 48. e7 Kf7 0-1


[Site "https://www.chess.com"]

[Event "Titled Tuesday Blitz November 07 Early 2023"]
[White "Lewicki, Miroslaw"]
[Black "Nagare Kaivalya Sandip"]
[WhiteFideId "1113380"]
[BlackFideId "25957929"]
[WhiteElo "2604"]
[BlackElo "2701"]
[Result "0-1"]
[Round "9"]
[TimeControl "180+1"]
[Date "2023.11.07"]
[WhiteClock "0:00:00"]
[BlackClock "0:01:33"]
[Board "48"]

1. b3 e5 2. Bb2 Nc6 3. g3 Bc5 4. Bg2 Nf6 5. e3 d5 6. Ne2 Bg4 7. h3 Be6 8. d4 exd4 9. exd4 Bd6 10. Nbc3 h5 11. Qd2 Qd7 12. O-O-O O-O-O 13. Nf4 Bb4 14. Nxe6 Qxe6 15. Qf4 h4 16. Rhe1 Qd6 17. Qf5+ Kb8 18. g4 g6 19. Qf3 Bxc3 20. Qxc3 Rhe8 21. Qf3 Ne4 22. Qxf7 Rf8 23. Qg7 Qf4+ 24. Kb1 Nxf2 25. Bc1 Qg3 26. Bxd5 Nxd1 27. Rxd1 Qxh3 28. Bg5 Qxg4 0-1


[Site "https://www.chess.com"]

[Event "Titled Tuesday Blitz November 07 Early 2023"]
[White "Predator0608"]
[Black "carokannlover213"]
[WhiteElo "2586"]
[BlackElo "2698"]
[Result "1-0"]
[Round "9"]
[TimeControl "180+1"]
[Date "2023.11.07"]
[WhiteClock "0:00:16"]
[BlackClock "0:00:00"]
[Board "49"]

1. e4 c5 2. Nf3 d6 3. d4 cxd4 4. Nxd4 Nf6 5. Nc3 Nc6 6. Be3 Ng4 7. Nxc6 bxc6 8. Bc1 Qb6 9. Qd2 g6 10. f3 Bh6 11. f4 e5 12. g3 exf4 13. gxf4 Qd8 14. Qg2 Bg7 15. Bc4 Qb6 16. Qg3 Bd4 17. Rf1 h5 18. Bb3 h4 19. Qg2 h3 20. Qg3 Bf6 21. Qd3 Bh4+ 22. Ke2 Nf2 23. Be3 Nxd3 24. Bxb6 Nxb2 25. Bd4 Ba6+ 26. Kd2 Rh5 27. Ne2 Nc4+ 28. Kc3 Nb6 29. Kd2 c5 30. Be3 Nc4+ 31. Bxc4 Bxc4 32. Rfb1 Bd8 33. Rb7 Rh4 34. Rab1 Rg4 35. Ng3 a5 36. c3 Ba6 37. R7b2 a4 38. e5 dxe5 39. fxe5 Bh4 40. Rg1 Bxg3 41. hxg3 h2 42. Rh1 Ke7 43. Rxh2 Rd8+ 44. Ke1 Rxg3 45. Bf4 Rg4 46. Be3 Rd7 47. Bxc5+ Ke6 48. Rb6+ Kxe5 49. Rxa6 Kd5 50. Bd4 Kc4 51. Rxa4+ Kd3 52. Rd2+ Ke4 53. Bf2+ Kf5 54. Rxg4 Rxd2 55. Rg5+ Kxg5 56. Kxd2 Kf5 57. a4 Ke5 58. a5 Kd6 59. a6 Kc7 60. a7 Kb7 61. c4 f5 62. Ke2 g5 63. Kf3 Ka8 64. Bb6 Kb7 65. c5 g4+ 66. Kf4 g3 67. Kxg3 Ka8 68. Kf4 Kb7 69. Kxf5 Ka8 70. Ke5 Kb7 71. Kd5 Ka8 72. Ke6 Kb7 73. Kd6 Ka8 74. Kd5 Kb7 75. c6+ Ka8 76. c7 Kb7 77. a8=Q+ 1-0


[Site "https://www.chess.com"]

[Event "Titled Tuesday Blitz November 07 Early 2023"]
[White "Jaskolka, Tomasz"]
[Black "Hua, Lefong"]
[WhiteFideId "1170791"]
[BlackFideId "2602253"]
[WhiteElo "2581"]
[BlackElo "2697"]
[Result "1-0"]
[Round "9"]
[TimeControl "180+1"]
[Date "2023.11.07"]
[WhiteClock "0:00:10"]
[BlackClock "0:00:11"]
[Board "50"]

1. e4 c5 2. Nf3 g6 3. d4 cxd4 4. Qxd4 Nf6 5. e5 Nc6 6. Qa4 Nd5 7. Qe4 Nb6 8. Nc3 Bg7 9. Bf4 d5 10. exd6 Bf5 11. dxe7 Bxc3+ 12. bxc3 Bxe4 13. exd8=Q+ Rxd8 14. Bb5 O-O 15. O-O Nd5 16. Bxc6 bxc6 17. Be5 Rfe8 18. Rfe1 Bxf3 19. gxf3 f6 20. Bd4 Kf7 21. Rxe8 Rxe8 22. Rb1 Re7 23. c4 Nf4 24. Be3 g5 25. Kf1 Kg6 26. Rb3 Rd7 27. Ke1 Ng2+ 28. Ke2 Nf4+ 29. Bxf4 gxf4 30. Rd3 Rb7 31. Kd2 Rb1 32. Kc3 Rh1 33. Kd4 Kf5 34. Kc5 Rxh2 35. Rd2 h5 36. Kxc6 h4 37. c5 h3 38. Kd7 Rh1 39. c6 h2 40. c7 Re1 41. c8=Q h1=Q 42. Kd6+ Kg6 43. Qg8+ Kh6 44. Qh8+ Kg6 45. Qxh1 Rxh1 46. c4 Rh3 47. c5 Rxf3 48. Rc2 Rd3+ 49. Kc7 Kf5 50. c6 Ke6 51. Kb8 Ra3 52. c7 1-0


[Site "https://www.chess.com"]

[Event "Titled Tuesday Blitz November 07 Early 2023"]
[White "Kalogeris, Ioannis"]
[Black "Ovetchkin, Roman"]
[WhiteFideId "4239563"]
[BlackFideId "4119991"]
[WhiteElo "2576"]
[BlackElo "2691"]
[Result "1-0"]
[Round "9"]
[TimeControl "180+1"]
[Date "2023.11.07"]
[WhiteClock "0:00:24"]
[BlackClock "0:00:01"]
[Board "51"]

1. e4 c6 2. d4 d5 3. e5 Bf5 4. Nf3 e6 5. Nbd2 Ne7 6. Nb3 Nc8 7. Be2 Be7 8. O-O O-O 9. a4 a5 10. Bd2 b6 11. Rc1 Na6 12. c4 Nb4 13. c5 Na2 14. Ra1 Nb4 15. Bxb4 axb4 16. Qd2 bxc5 17. dxc5 Qc7 18. Qxb4 Be4 19. Nbd4 Bxf3 20. Bxf3 Bg5 21. Rfe1 Ne7 22. g3 Rfb8 23. Qc3 Qa5 24. Re2 Qxc3 25. bxc3 Ra5 26. h4 Bh6 27. Raa2 Rba8 28. Reb2 Rxc5 29. a5 g5 30. a6 Rxc3 31. a7 Kg7 32. Rb8 Rc1+ 33. Kg2 Rxa7 34. Rxa7 1-0


[Site "https://www.chess.com"]

[Event "Titled Tuesday Blitz November 07 Early 2023"]
[White "Vestby-Ellingsen, Mads"]
[Black "Zavgorodniy, Sergiy"]
[WhiteFideId "1520857"]
[BlackFideId "14110148"]
[WhiteElo "2573"]
[BlackElo "2690"]
[Result "0-1"]
[Round "9"]
[TimeControl "180+1"]
[Date "2023.11.07"]
[WhiteClock "0:00:04"]
[BlackClock "0:00:52"]
[Board "52"]

1. e4 c6 2. d4 d5 3. f3 dxe4 4. fxe4 e5 5. Nf3 Bg4 6. Bc4 Nd7 7. c3 b5 8. Bb3 Ngf6 9. Nbd2 Bd6 10. O-O Qc7 11. Qe1 O-O 12. Qh4 Bh5 13. Re1 Rae8 14. Nf1 Bg6 15. Bc2 exd4 16. cxd4 c5 17. d5 Nxd5 18. exd5 Bxc2 19. Bd2 Bg6 20. Ne3 Re4 21. Qf2 Rfe8 22. a4 a6 23. axb5 axb5 24. Ra6 c4 25. Rc6 Qb8 26. Nf1 Ne5 27. Nxe5 Bxe5 28. Rxe4 Bxe4 29. Bc3 Bxc3 30. bxc3 Bxd5 31. Rc5 Be6 32. Rg5 h6 33. Rg3 Qe5 34. Qd2 Kh8 35. h3 Bf5 36. Re3 Qc5 37. Qf2 Rxe3 38. Nxe3 Bg6 39. Nd1 Qd6 40. Qe2 b4 41. cxb4 Qxb4 42. Qe3 Qb1 43. Qd2 Bc2 44. Qd8+ Kh7 45. Kh2 Qxd1 46. Qc8 Qd6+ 47. Kg1 Qd4+ 48. Kh2 c3 49. Qf5+ Bxf5 0-1


[Site "https://www.chess.com"]

[Event "Titled Tuesday Blitz November 07 Early 2023"]
[White "Czopor, Maciej"]
[Black "Mamedov, Edgar"]
[WhiteFideId "21805431"]
[BlackFideId "13739980"]
[WhiteElo "2557"]
[BlackElo "2688"]
[Result "1-0"]
[Round "9"]
[TimeControl "180+1"]
[Date "2023.11.07"]
[WhiteClock "0:00:27"]
[BlackClock "0:00:10"]
[Board "53"]

1. d4 d5 2. Nf3 Nf6 3. Bf4 e6 4. e3 Bd6 5. Bg3 O-O 6. Nbd2 b6 7. c3 Bb7 8. Bd3 c5 9. Ne5 Nc6 10. f4 Ne7 11. Bh4 Nf5 12. Bf2 Ne4 13. Nxe4 dxe4 14. Bb5 cxd4 15. cxd4 Bb4+ 16. Kf1 a6 17. Be2 Ne7 18. a3 Bd6 19. g4 f6 20. Nc4 Bc7 21. Rc1 b5 22. Nd2 e5 23. dxe5 fxe5 24. f5 g6 25. Rg1 gxf5 26. gxf5+ Kh8 27. Nb3 Nxf5 28. Qxd8 Bxd8 29. Ke1 Bb6 30. Nc5 Rac8 31. b4 Bxc5 32. Rxc5 Rxc5 33. bxc5 Bc6 34. Rg5 a5 35. Bg4 Nh6 36. Be6 Re8 37. Bb3 a4 38. Ba2 Bd7 39. Bg3 Nf5 40. Bxe5+ 1-0


[Site "https://www.chess.com"]

[Event "Titled Tuesday Blitz November 07 Early 2023"]
[White "Godzwon, Iwo"]
[Black "Lymar, Vladislav"]
[WhiteFideId "21802483"]
[BlackFideId "14162180"]
[WhiteElo "2688"]
[BlackElo "2554"]
[Result "1-0"]
[Round "9"]
[TimeControl "180+1"]
[Date "2023.11.07"]
[WhiteClock "0:02:04"]
[BlackClock "0:00:13"]
[Board "54"]

1. e4 d6 2. d4 Nf6 3. Nc3 e5 4. Nge2 Be7 5. f3 h5 6. Be3 Nbd7 7. Qd2 c6 8. Rg1 b5 9. g3 b4 10. Nd1 exd4 11. Nxd4 Ne5 12. f4 Neg4 13. Nxc6 Qc7 14. Nxb4 Nxe4 15. Bb5+ Bd7 16. Nd5 Qd8 17. Bxd7+ Qxd7 18. Qg2 Nef6 19. Nxf6+ Nxf6 20. Qxa8+ 1-0


[Site "https://www.chess.com"]

[Event "Titled Tuesday Blitz November 07 Early 2023"]
[White "Starozhilov, Leonid"]
[Black "Bettalli, Francesco"]
[WhiteFideId "14106752"]
[BlackFideId "2816453"]
[WhiteElo "2687"]
[BlackElo "2541"]
[Result "1-0"]
[Round "9"]
[TimeControl "180+1"]
[Date "2023.11.07"]
[WhiteClock "0:00:30"]
[BlackClock "0:00:37"]
[Board "55"]

1. e4 e5 2. Nc3 Nf6 3. Nf3 Bc5 4. Bc4 d6 5. h3 O-O 6. d3 h6 7. a3 c6 8. O-O Nbd7 9. Be3 Re8 10. Re1 Bb6 11. Ba2 Nf8 12. d4 Ng6 13. Qd2 exd4 14. Bxd4 Bxd4 15. Qxd4 Nh5 16. Rad1 Nh4 17. Nxh4 Qxh4 18. Qxd6 Nf4 19. Re3 Be6 20. Rg3 Bxa2 21. Rg4 Nxh3+ 22. gxh3 Qxh3 23. Rg3 Qe6 24. b3 Bxb3 25. cxb3 Qxb3 26. Qd4 g6 27. Nd5 Qxg3+ 28. fxg3 cxd5 29. exd5 Rad8 30. d6 Re6 31. d7 Kf8 32. Qxa7 b6 33. Qc7 1-0


[Site "https://www.chess.com"]

[Event "Titled Tuesday Blitz November 07 Early 2023"]
[White "Kubicka, Anna"]
[Black "amanmuhammethommadov"]
[WhiteFideId "1152254"]
[WhiteElo "2521"]
[BlackElo "2681"]
[Result "0-1"]
[Round "9"]
[TimeControl "180+1"]
[Date "2023.11.07"]
[WhiteClock "0:00:18"]
[BlackClock "0:01:42"]
[Board "56"]

1. e4 c5 2. Ne2 Nc6 3. g3 g6 4. Bg2 Bg7 5. O-O d6 6. c3 Nf6 7. d4 cxd4 8. cxd4 O-O 9. Nbc3 Bd7 10. h3 Rc8 11. Be3 Na5 12. b3 b5 13. Rc1 b4 14. Nb1 Bb5 15. Qd2 Qb6 16. Rfe1 Qa6 17. Nf4 Nc6 18. Nd5 Kh8 19. Nxf6 Bxf6 20. f4 e5 21. fxe5 dxe5 22. d5 Nd4 23. Bxd4 exd4 24. Qxb4 Be5 25. a4 Bd3 26. Kh2 Qf6 27. Qd2 Ba6 28. Bf1 Rxc1 29. Rxc1 Bxf1 30. Na3 Qf3 0-1


[Site "https://www.chess.com"]

[Event "Titled Tuesday Blitz November 07 Early 2023"]
[White "Skvortsov, Andrei"]
[Black "Kanyamarala, Trisha"]
[WhiteFideId "24108600"]
[BlackFideId "45004722"]
[WhiteElo "2669"]
[BlackElo "2516"]
[Result "1-0"]
[Round "9"]
[TimeControl "180+1"]
[Date "2023.11.07"]
[WhiteClock "0:00:27"]
[BlackClock "0:00:15"]
[Board "57"]

1. e4 c5 2. d4 cxd4 3. Qxd4 Nc6 4. Qd3 d6 5. Nc3 Nf6 6. Nf3 e6 7. Bf4 a6 8. O-O-O e5 9. Bg5 Be6 10. Nd5 Bxd5 11. exd5 Ne7 12. Qb3 b5 13. Nxe5 dxe5 14. d6 Nc6 15. d7+ Ke7 16. f4 Qc7 17. Qa3+ b4 18. Qe3 Kd8 19. Bc4 h6 20. Bh4 Be7 21. fxe5 Qxe5 22. Qb6+ Qc7 23. Qe3 Ne5 24. Bb3 Neg4 25. Qf3 Qa7 26. Rhe1 Rb8 27. Bg3 Rb7 28. Qc6 Qb6 29. Qc8# 1-0


[Site "https://www.chess.com"]

[Event "Titled Tuesday Blitz November 07 Early 2023"]
[White "Berezin, Viktor"]
[Black "Matinian, Nikita"]
[WhiteFideId "14107872"]
[BlackFideId "24129100"]
[WhiteElo "2479"]
[BlackElo "2668"]
[Result "0-1"]
[Round "9"]
[TimeControl "180+1"]
[Date "2023.11.07"]
[WhiteClock "0:00:00"]
[BlackClock "0:00:18"]
[Board "58"]

1. Nf3 Nf6 2. c4 g6 3. g3 Bg7 4. Bg2 O-O 5. O-O d6 6. Nc3 Nc6 7. d3 e5 8. Rb1 a5 9. a3 Bg4 10. Ne1 Qd7 11. b4 axb4 12. axb4 Bh3 13. b5 Nd4 14. e3 Bxg2 15. Nxg2 Ne6 16. d4 e4 17. f3 exf3 18. Qxf3 c6 19. Nf4 Ng5 20. Qg2 Rfe8 21. Bd2 Ra3 22. Rbe1 h5 23. Re2 Nfe4 24. Nxe4 Nxe4 25. Bc1 Rb3 26. bxc6 bxc6 27. d5 c5 28. Qf3 Rb4 29. Rc2 Qf5 30. Qg2 Qc8 31. Qf3 Qb7 32. Qg2 Ra4 33. g4 h4 34. Qh3 Qb3 35. Rg2 Rxc4 36. Qxh4 Rxc1 37. Rf2 Rxf1+ 38. Rxf1 Qxe3+ 39. Kg2 g5 0-1


[Site "https://www.chess.com"]

[Event "Titled Tuesday Blitz November 07 Early 2023"]
[White "Harsh Suresh"]
[Black "Golubev, Mikhail"]
[WhiteFideId "45018464"]
[BlackFideId "14100983"]
[WhiteElo "2914"]
[BlackElo "2616"]
[Result "1-0"]
[Round "9"]
[TimeControl "180+1"]
[Date "2023.11.07"]
[WhiteClock "0:01:15"]
[BlackClock "0:00:14"]
[Board "59"]

1. d4 Nf6 2. Nf3 d6 3. g3 g6 4. Bg2 Bg7 5. O-O O-O 6. c4 c5 7. d5 e6 8. Nc3 exd5 9. cxd5 Re8 10. Bf4 Nh5 11. Bg5 Bf6 12. Bc1 Nd7 13. Nd2 Nb6 14. a4 Bg7 15. a5 Nd7 16. Nde4 Ne5 17. Nb5 Nc4 18. Qa4 Nxb2 19. Bxb2 Bxb2 20. Ra2 Be5 21. Nbxd6 Bd7 22. Qc4 f5 23. Nxb7 Qe7 24. Nexc5 Rac8 25. d6+ Qe6 26. Bd5 1-0


[Site "https://www.chess.com"]

[Event "Titled Tuesday Blitz November 07 Early 2023"]
[White "AlmasRakhmatullaev"]
[Black "Tregubov, Pavel V."]
[BlackFideId "4115341"]
[WhiteElo "2863"]
[BlackElo "2613"]
[Result "1-0"]
[Round "9"]
[TimeControl "180+1"]
[Date "2023.11.07"]
[WhiteClock "0:00:21"]
[BlackClock "0:00:00"]
[Board "60"]

1. e4 c5 2. Nf3 e6 3. g3 d5 4. exd5 exd5 5. d4 Bg4 6. Bg2 Nc6 7. O-O Nxd4 8. Qe1+ Be7 9. Nxd4 cxd4 10. Qe5 Nf6 11. Re1 Rc8 12. Bg5 Be6 13. Nd2 O-O 14. Rac1 h6 15. Bf4 g5 16. Bxg5 hxg5 17. Qxg5+ Kh8 18. Nf3 Rg8 19. Qf4 Nh7 20. h4 Qd6 21. Qxd4+ Bf6 22. Ne5 Qc5 23. Qf4 Rg7 24. c3 Rcg8 25. Kh2 Bd8 26. Bh3 Bxh3 27. Nxf7+ Rxf7 28. Qxf7 Bg4 29. Re8 Rxe8 30. Qxe8+ Qf8 31. Re1 Bb6 32. f3 Bf5 33. Qe5+ Qf6 34. Qxd5 Bg6 35. Qxb7 Nf8 36. f4 1-0


[Site "https://www.chess.com"]

[Event "Titled Tuesday Blitz November 07 Early 2023"]
[White "Tasev, Dejan"]
[Black "Rustemov, Alexander"]
[WhiteFideId "936618"]
[BlackFideId "4119002"]
[WhiteElo "2606"]
[BlackElo "2818"]
[Result "1/2-1/2"]
[Round "9"]
[TimeControl "180+1"]
[Date "2023.11.07"]
[WhiteClock "0:00:08"]
[BlackClock "0:00:06"]
[Board "61"]

1. e4 e6 2. d4 d5 3. Nc3 dxe4 4. Nxe4 Bd7 5. Nf3 Bc6 6. Bd3 Nd7 7. Qe2 Ngf6 8. Bg5 Be7 9. Bxf6 Nxf6 10. O-O Nxe4 11. Bxe4 Bxe4 12. Qxe4 c6 13. c4 O-O 14. Rfd1 Bf6 15. b3 Qd6 16. Rd2 Rfd8 17. Rad1 g6 18. h3 Kg7 19. g3 a5 20. a4 Qb4 21. Rd3 Rac8 22. h4 h5 23. Ng5 Qe7 24. Nf3 Rd6 25. Kg2 Rcd8 26. R1d2 Qd7 27. Ne5 Qc7 28. Nf3 R6d7 29. d5 exd5 30. cxd5 Rxd5 31. Rxd5 Rxd5 32. Rxd5 cxd5 33. Qxd5 b6 34. Nd2 Qe7 35. Nc4 Qc7 36. Qe4 Qc5 37. Qb7 Bd4 38. Qf3 Kf8 39. Nd2 Qc2 40. Ne4 Qc6 41. Nd2 Qxf3+ 42. Kxf3 Ke7 43. Ne4 Ke6 44. Ng5+ Ke7 45. Ke2 f6 46. Nh3 Ke6 47. Nf4+ Kf5 48. Kf3 Bc5 49. Nd3 Bd6 50. Nb2 g5 51. Nc4 g4+ 52. Ke2 Bc5 53. f3 Bd4 54. Nd6+ Ke6 55. Nc4 f5 56. fxg4 fxg4 57. Nd2 Kd5 58. Kd3 Be5 59. Ne4 Bc7 60. Nf6+ Ke6 61. Nxh5 Kf5 62. Ke3 Kg6 63. Nf4+ Kf5 64. Ne2 Be5 65. Kd3 Bd6 66. Nd4+ Kf6 67. Ne2 Kf5 68. Kc4 Bc5 69. Kd5 Bf2 70. Nd4+ Kg6 71. Ne2 Kf5 72. Nd4+ Kg6 73. Ne2 Kf5 1/2-1/2


[Site "https://www.chess.com"]

[Event "Titled Tuesday Blitz November 07 Early 2023"]
[White "Mikhailovsky, Vladimir"]
[Black "OPQRC"]
[WhiteFideId "34105414"]
[WhiteElo "2813"]
[BlackElo "2565"]
[Result "1-0"]
[Round "9"]
[TimeControl "180+1"]
[Date "2023.11.07"]
[WhiteClock "0:00:05"]
[BlackClock "0:00:05"]
[Board "62"]

1. e4 c5 2. Nf3 e6 3. d4 cxd4 4. Nxd4 Nf6 5. Nc3 Nc6 6. Ndb5 Bb4 7. a3 Bxc3+ 8. Nxc3 d5 9. exd5 exd5 10. Bd3 O-O 11. O-O d4 12. Ne4 Bf5 13. Bg5 Bxe4 14. Bxe4 Qd6 15. Bxf6 Qxf6 16. Re1 Rad8 17. Qd3 g6 18. Rad1 Ne5 19. Qb5 b6 20. h3 Rfe8 21. Re2 Re6 22. Bd5 Qg5 23. a4 a6 24. Qb3 Red6 25. Rxd4 Rxd5 26. Rxd5 Qc1+ 27. Kh2 Qf4+ 28. g3 Nf3+ 29. Kg2 Nh4+ 30. gxh4 1-0


[Site "https://www.chess.com"]

[Event "Titled Tuesday Blitz November 07 Early 2023"]
[White "Rosen, Eric"]
[Black "Demin, Vladimir"]
[WhiteFideId "2032562"]
[BlackFideId "4167457"]
[WhiteElo "2734"]
[BlackElo "2561"]
[Result "1-0"]
[Round "9"]
[TimeControl "180+1"]
[Date "2023.11.07"]
[WhiteClock "0:00:06"]
[BlackClock "0:00:00"]
[Board "63"]

1. e4 e5 2. Nf3 Nc6 3. Nc3 Nf6 4. d4 exd4 5. Nxd4 Bb4 6. Nxc6 bxc6 7. Bd3 O-O 8. O-O d5 9. Bd2 Re8 10. Nxd5 Nxd5 11. exd5 Bxd2 12. Qxd2 cxd5 13. b4 Qf6 14. Rad1 c6 15. c3 Bg4 16. f3 Bf5 17. Rfe1 h5 18. Re3 Kf8 19. Bxf5 Qxf5 20. Rde1 Re6 21. Rxe6 fxe6 22. Qe3 Kf7 23. Qc5 h4 24. Qxc6 Re8 25. Qc7+ Re7 26. Qe5 Qxe5 27. Rxe5 Rc7 28. Re3 Kf6 29. Kf2 e5 30. Rd3 Ke6 31. Ke3 g5 32. Kd2 Rg7 33. Re3 Kf5 34. a4 g4 35. Kd3 gxf3 36. Rxf3+ Ke6 37. Rf2 Rg4 38. a5 Rg7 39. b5 e4+ 40. Kd4 Rc7 41. Rc2 Rc4+ 42. Ke3 Ra4 43. c4 dxc4 44. Kxe4 Rxa5 45. Rxc4 Rxb5 46. Kf3 Rb3+ 47. Kg4 h3 48. g3 a5 49. Kxh3 Rb4 50. Rc8 a4 51. Ra8 Kf6 52. Ra5 Kg6 53. g4 Rb3+ 54. Kh4 a3 55. h3 Rc3 56. Ra6+ Kg7 57. Ra7+ Kg6 58. Ra4 Kh6 59. Ra6+ Kg7 60. g5 Rc4+ 61. Kh5 Rc3 62. h4 Rc5 63. Rxa3 1-0


[Site "https://www.chess.com"]

[Event "Titled Tuesday Blitz November 07 Early 2023"]
[White "GatoRojo150"]
[Black "Halkias, Stelios"]
[BlackFideId "4201809"]
[WhiteElo "2602"]
[BlackElo "2723"]
[Result "1-0"]
[Round "9"]
[TimeControl "180+1"]
[Date "2023.11.07"]
[WhiteClock "0:00:21"]
[BlackClock "0:00:12"]
[Board "64"]

1. e4 c5 2. Nf3 d6 3. Nc3 a6 4. d4 cxd4 5. Nxd4 Nf6 6. Bc4 e6 7. Bb3 Be7 8. g4 Nc6 9. g5 Nd7 10. Bxe6 Nxd4 11. Bxd7+ Bxd7 12. Qxd4 O-O 13. Rg1 Rc8 14. Be3 Be6 15. O-O-O Rc4 16. Qd3 Qa5 17. a3 Rfc8 18. Bd4 Bxg5+ 19. Kb1 g6 20. h4 Bf4 21. h5 Be5 22. Bxe5 dxe5 23. hxg6 hxg6 24. Nd5 Rd4 25. Qe3 Bxd5 26. Rxd4 exd4 27. Qxd4 Qc5 28. Qxd5 Qxc2+ 29. Ka1 Qxf2 30. Rxg6+ 1-0


[Site "https://www.chess.com"]

[Event "Titled Tuesday Blitz November 07 Early 2023"]
[White "Tikhonov, Viacheslav"]
[Black "Atakhan, Abtin"]
[WhiteFideId "44196407"]
[BlackFideId "22502203"]
[WhiteElo "2557"]
[BlackElo "2713"]
[Result "0-1"]
[Round "9"]
[TimeControl "180+1"]
[Date "2023.11.07"]
[WhiteClock "0:00:00"]
[BlackClock "0:00:59"]
[Board "65"]

1. d4 Nf6 2. c4 g6 3. Nc3 d5 4. cxd5 Nxd5 5. Bd2 Bg7 6. e4 Nb6 7. Be3 Nc6 8. d5 Ne5 9. Rc1 O-O 10. b3 c6 11. dxc6 bxc6 12. Nf3 Qxd1+ 13. Nxd1 Nxf3+ 14. gxf3 Bb7 15. Bd3 Nd7 16. f4 e5 17. O-O exf4 18. Bxf4 c5 19. Ne3 a5 20. Bb5 Ne5 21. f3 Rfd8 22. Rxc5 Nd3 23. Bxd3 Rxd3 24. e5 h6 25. h4 a4 26. b4 Bf8 27. Rc7 Ba6 28. Nc4 Rd4 0-1


[Site "https://www.chess.com"]

[Event "Titled Tuesday Blitz November 07 Early 2023"]
[White "Senthil Maran K"]
[Black "Wagner, Dennis"]
[WhiteFideId "25035681"]
[BlackFideId "24650684"]
[WhiteElo "2552"]
[BlackElo "2712"]
[Result "0-1"]
[Round "9"]
[TimeControl "180+1"]
[Date "2023.11.07"]
[WhiteClock "0:00:01"]
[BlackClock "0:00:12"]
[Board "66"]

1. d4 Nf6 2. c4 g6 3. g3 Bg7 4. Bg2 O-O 5. Nf3 d5 6. cxd5 Nxd5 7. O-O Nb6 8. Nc3 Nc6 9. d5 Na5 10. Qc2 c6 11. dxc6 Nxc6 12. Rd1 Bd7 13. Be3 Nc4 14. Bc5 Qa5 15. Rxd7 Qxc5 16. Rxb7 Nxb2 17. Rxb2 Qxc3 18. Rab1 Rac8 19. Qxc3 Bxc3 20. Rb7 Ba5 21. Ng5 Bb6 22. Bxc6 Rxc6 23. Rxe7 Rc2 24. a4 Bd8 25. Rbb7 Bxe7 26. Rxe7 a5 27. Ra7 Rxe2 28. Rxa5 h6 29. Nf3 Rc8 30. Ra7 Ra2 31. Nd4 Rc4 32. Nb5 Rcxa4 33. Rd7 Rb4 34. Nc3 Rc2 35. Nd1 Rb1 36. Kg2 Kg7 37. Ne3 Ra2 38. Rd4 Rbb2 39. Rf4 f5 40. h4 Kf6 41. h5 Rb5 42. hxg6 Kxg6 43. Rh4 Re5 44. Kf3 Ra3 45. Rb4 Ra6 46. Rf4 Rae6 47. Rd4 Re4 48. Rd5 R4e5 49. Rd3 h5 50. Ng2 Kg5 51. Rd8 Ra6 52. Nf4 Ra3+ 53. Kg2 h4 54. Rg8+ Kf6 55. Ng6 Kf7 56. Nxe5+ Kxg8 57. gxh4 Kg7 58. Nf3 Kg6 59. Kg3 Ra4 60. Nd2 Rg4+ 61. Kf3 Rxh4 62. Nf1 Kg5 63. Ne3 Rf4+ 64. Kg3 Re4 65. Kf3 Ra4 66. Ng2 Ra3+ 67. Ke2 Kg4 68. Ne3+ Kf4 69. Nd5+ Ke4 70. Nf6+ Kd4 71. Kf1 f4 72. Kg2 Ke5 73. Nd7+ Kf5 74. Nb6 Kg4 75. Nc4 f3+ 76. Kh2 Ra2 77. Kg1 Ra1+ 78. Kh2 Re1 79. Ne3+ Kf4 80. Nd5+ Ke4 81. Ne3 Rxe3 82. fxe3 Kxe3 83. Kg1 Ke2 0-1


[Site "https://www.chess.com"]

[Event "Titled Tuesday Blitz November 07 Early 2023"]
[White "Iskusnyh, Sergei"]
[Black "MKlose11"]
[WhiteFideId "4120027"]
[WhiteElo "2543"]
[BlackElo "2704"]
[Result "0-1"]
[Round "9"]
[TimeControl "180+1"]
[Date "2023.11.07"]
[WhiteClock "0:00:00"]
[BlackClock "0:00:06"]
[Board "67"]

1. d4 Nf6 2. c4 c5 3. d5 b5 4. Qc2 bxc4 5. e4 d6 6. Nf3 g6 7. Bxc4 Bg7 8. h3 O-O 9. O-O Ba6 10. Na3 Nfd7 11. Rb1 Bxc4 12. Nxc4 Nb6 13. b3 N8d7 14. Bd2 Qc7 15. Na5 Rfc8 16. Nc6 Nb8 17. Na5 Na6 18. Rfc1 Qd8 19. Qd3 Nb8 20. b4 N8d7 21. Nc6 Qe8 22. a3 Na4 23. Qa6 Nab6 24. Qb7 c4 25. a4 Nxa4 26. Rxc4 Nab6 27. Rc2 h6 28. Rbc1 Kh7 29. Be3 Bf6 30. Qa6 Kg7 31. Bd4 Nb8 32. Qa1 Nxc6 33. Rxc6 Rxc6 34. Rxc6 Rb8 35. Qxa7 Bxd4 36. Nxd4 Nd7 37. Rc7 Ra8 38. Qb7 Rb8 39. Qc6 Ne5 40. Qxe8 Rxe8 41. Nc6 Kf8 42. Nxe5 dxe5 43. Rb7 Ra8 44. g4 Ra3 45. Kg2 Rb3 46. h4 g5 47. hxg5 hxg5 48. f3 Ke8 49. Rb8+ Kd7 0-1


[Site "https://www.chess.com"]

[Event "Titled Tuesday Blitz November 07 Early 2023"]
[White "Nasuta, Grzegorz"]
[Black "Shukhman, Anna"]
[WhiteFideId "1141686"]
[BlackFideId "54180058"]
[WhiteElo "2672"]
[BlackElo "2533"]
[Result "0-1"]
[Round "9"]
[TimeControl "180+1"]
[Date "2023.11.07"]
[WhiteClock "0:00:01"]
[BlackClock "0:00:50"]
[Board "68"]

1. e4 c5 2. Nf3 a6 3. c4 Nc6 4. d4 cxd4 5. Nxd4 e5 6. Nc2 Nf6 7. Nc3 Bc5 8. Be3 d6 9. Bxc5 dxc5 10. Qxd8+ Nxd8 11. Nd5 Ne6 12. Nb6 Rb8 13. f3 O-O 14. O-O-O Nd4 15. Nxd4 cxd4 16. c5 Be6 17. Kb1 Nd7 18. Nxd7 Bxd7 19. Bc4 Be6 20. Bxe6 fxe6 21. Rc1 Rbc8 22. Rc4 Rfd8 23. Rhc1 Kf7 24. b3 Rc6 25. Kc2 a5 26. Kd3 g5 27. R1c2 Rdc8 28. a3 h5 29. b4 axb4 30. axb4 Ra6 31. b5 Ra3+ 32. Kd2 g4 33. fxg4 hxg4 34. c6 bxc6 35. bxc6 Rc7 36. Rb4 Ke7 37. Rb5 Kd6 38. Rb8 Rxc6 39. Rd8+ Kc7 40. Rg8 Rxc2+ 41. Kxc2 Ra2+ 42. Kd3 Rxg2 43. Kc4 Kd6 44. Rd8+ Ke7 45. Rg8 Kf7 46. Rg5 Kf6 47. Rg8 Ke7 48. Rg7+ Kd6 49. Rg8 Rc2+ 50. Kd3 Rc3+ 51. Kd2 Rh3 52. Rxg4 Rxh2+ 53. Kd3 Kc5 54. Rg8 Rh3+ 55. Kd2 Re3 56. Rc8+ Kd6 57. Rd8+ Ke7 58. Ra8 Rxe4 59. Ra5 Kf6 60. Ra8 Rh4 61. Kd3 Rh3+ 62. Kd2 Kf5 63. Rg8 e4 64. Rd8 Rh2+ 65. Kd1 d3 66. Rd7 Kf4 67. Rd8 Ke3 0-1


[Site "https://www.chess.com"]